 Dungeon Crawl Stone Soup version 0.31.0-7-gf635a9b802 (webtiles) character file.

Game seed: 3742899904819225855

131935 Daunt the Brawler (level 16, -1/165 HPs)
             Began as a Troll Gladiator on Jan 23, 2024.
             Was the Champion of Jiyva.
             Slain by a ghost moth (2 damage)
             ... on level 2 of the Spider Nest.
             The game lasted 02:02:16 (23269 turns).

Daunt the Brawler (Troll Gladiator)                Turns: 23269, Time: 02:02:17

Health: -1/165     AC: 13    Str: 27 (30) XL:     16   Next: 3%
Magic:  2/18       EV: 17    Int:  6 (7)  God:    Jiyva [******]
Gold:   1911       SH: 14    Dex: 18 (19) Spells: 15/15 levels left

rFire   + .          .
                       - Unarmed
rCold   + . .        w - +0 kite shield
rNeg    . . .        u - +1 robe {Will+}
rPois   .            (helmet unavailable)
rElec   .            U - scarf of Ytweirph {rC+ rF+, rCorr Int+3}
rCorr   +            (gloves unavailable)
SInv    +            (boots unavailable)
Will    ++...        R - amulet of regeneration
Stlth   ++           I - ring of see invisible
HPRegen 3.67/turn    D - +6 ring of dexterity
MPRegen 0.96/turn

%: clarity
@: lethally poisoned (-1 -> -2), about to teleport, studying Shields
A: large, unfitting armour, claws 3, regeneration 1, shaggy fur 1, tough skin 1,
horns 3, iridescent scales 3, clarity, high MP 2, gelatinous body 2
}: 1/15 runes: slimy
a: Renounce Religion, Oozemancy, Slimify


You were on level 2 of the Spider Nest.
You worshipped Jiyva.
Jiyva was exalted by your worship.
You visited 5 branches of the dungeon, and saw 30 of its levels.
You also visited: Sewer and Bailey.

You collected 2351 gold pieces.
You spent 440 gold pieces at shops.

Inventory:

Hand Weapons
 a - the +4 spear of Uskayaw's Hope {venom, Fly rC++ Str-4 Int+2}
   (You found it on level 4 of the Dungeon)

   Str-4:     It affects your strength (-4).
   Int+2:     It affects your intelligence (+2).
   rC++:      It greatly protects you from cold.
   Fly:       It grants you flight.
Missiles
 c - 3 throwing nets
 d - 19 large rocks
 e - 159 stones
 g - 4 curare-tipped darts
 j - 3 darts of dispersal
 n - 63 poisoned darts (quivered)
 t - 3 boomerangs
 y - 8 atropa-tipped darts
 B - 8 javelins
Armour
 b - a +0 hat
 u - a +1 robe of willpower (worn)
 w - a +0 kite shield (worn)
 L - a +2 robe of cold resistance
 U - the scarf of Ytweirph (worn) {rC+ rF+, rCorr Int+3}
   (You found it on level 5 of the Pits of Slime)

   Int+3:     It affects your intelligence (+3).
   rCorr:     It protects you from acid and corrosion.
Jewellery
 D - a +6 ring of dexterity (right claw)
 I - a ring of see invisible (left claw)
 P - a ring of poison resistance
 R - an amulet of regeneration (around neck)
 W - the ring "Laabomio" {rF+ rC- rN+ Will+}
   (You found it on level 5 of the Pits of Slime)

   [ring of protection from fire]

   rF+:       It protects you from fire.
   rC-:       It makes you vulnerable to cold.
   rN+:       It protects you from negative energy.
   Will+:     It increases your willpower.
Talismans
 v - a serpent talisman
 Y - a blade talisman
Wands
 o - a wand of polymorph (6)
 F - a wand of flame (33)
 Q - a wand of iceblast (6)
 S - a wand of acid (6)
Scrolls
 i - a scroll of identify
 l - 3 scrolls of revelation
 m - 9 scrolls of fear
 s - 5 scrolls of poison
 x - 5 scrolls of immolation
 A - 2 scrolls of vulnerability
 C - 4 scrolls of fog
 E - 4 scrolls of enchant armour
 G - a scroll of summoning
 K - 3 scrolls of silence
 O - 4 scrolls of teleportation
Potions
 f - 4 potions of mutation
 h - 4 potions of attraction
 k - 5 potions of curing
 p - a potion of enlightenment
 q - 3 potions of haste
 r - 3 potions of invisibility
 z - a potion of resistance
 H - 2 potions of ambrosia
 J - 2 potions of might
 N - a potion of heal wounds
 V - a potion of berserk rage
Miscellaneous
 T - a condenser vane
 X - a phial of floods


   Skills:
 + Level 11.7 Fighting
 - Level 4.0 Throwing
 + Level 10.7 Dodging
 - Level 14.0 Shields
 * Level 18.9 Unarmed Combat
 - Level 2.0 Evocations


You had 15 spell levels left.
You didn't know any spells.
Your spell library contained the following spells:

 Spells                   Type           Power      Damage    Failure   Level
 Magic Dart               Conj           0%         1d3       58%         1
 Sandblast                Erth           0%         2d4       58%         1
 Shock                    Conj/Air       0%         1d3       58%         1
 Blink                    Tloc           0%         N/A       73%         2
 Call Imp                 Summ           0%         N/A       73%         2
 Ensorcelled Hibernation  Hex/Ice        0%         N/A       73%         2
 Searing Ray              Conj           0%         2d4       73%         2
 Fugue of the Fallen      Necr           0%         N/A       91%         3
 Passwall                 Erth           0%         N/A       91%         3
 Stone Arrow              Conj/Erth      0%         3d7       91%         3
 Swiftness                Air            0%         N/A       91%         3
 Airstrike                Air            0%         2d(0-16)  100%        4
 Anguish                  Hex/Necr       0%         N/A       100%        4
 Animate Dead             Necr           0%         N/A       100%        4
 Brom's Barrelling Bould  Conj/Erth      0%         2d3       100%        4
 Fulminant Prism          Conj/Alch      0%         3d5       100%        4
 Haunt                    Necr/Summ      0%         N/A       100%        7
 Infestation              Necr           0%         N/A       100%        8


Dungeon Overview and Level Annotations

Branches:
Dungeon (15/15)            Temple (0/1) D:7            Lair (5/5) D:9
 Shoals (0/4) Lair:3       Spider (3/4) Lair:3        Slime (5/5) Lair:5
    Orc (2/2) D:10            Elf (0/3) Orc:2        Vaults (0/5) D:13
 Depths (0/4) D:15          Sewer (visited)          Bailey (visited)

Altars:
Dithmenos
Fedhas
Gozag
Kikubaaqudgha
Makhleb
Okawaru
Trog
Vehumet
Wu Jian
Xom
Yredelemnul
Zin
The Shining One
Jiyva

Shops:
D:1 ?   D:3 [   D:7 *   D:10 [(   Orc:2 *[:(

Portals:
Trove: D:15 (give 16 scrolls of teleportation)

Annotations:
Lair:3 3 runed translucent doors, Strat's ghost, journeyman VSNe
Slime:4 Dissolution
Slime:5 Royal Jelly


Innate Abilities, Weirdness & Mutations

You are too large for most types of armour.
You have claws for hands.
Your natural rate of healing is unusually fast.
You are covered in fur. (AC +1)
You have tough skin. (AC +1)
You have a pair of large horns on your head.
You are completely covered in iridescent scales. (AC +6)
You possess an exceptional clarity of mind.
You have a considerably increased reservoir of magic. (+20% MP)
Your pliable body absorbs attacks. (AC +2, EV +2)


Message History

You block the redback's attack. Something hits you.
* * * LOW HITPOINT WARNING * * *
You feel weakened. You block something's attack. Something stings you!
* * * LOW HITPOINT WARNING * * *
Unknown command.
Unknown command.
Okay, then.
Unknown command.
Okay, then.
Unknown command.
You're wearing all the rings you can.
Remove which one? (? for menu, Esc to cancel) < or
W - the ring "Laabomio" {rF+ rC- rN+ Will+} > or
D - a +6 ring of dexterity You remove the ring "Laabomio" {rF+ rC- rN+ Will+}.
You feel sick. You block the redback's attack.
You feel you are being watched by something.
You feel your power leaking away. Something hits you.
* * * LOW HITPOINT WARNING * * *
You feel weakened. Something hits you but does no damage.
Something stings you but does no damage.
Reactivating autopickup.
I - a ring of see invisible (left claw)
A ghost moth comes into view.
You feel sick. You block the redback's attack.
As you read the scroll of teleportation, it crumbles to dust.
You feel strangely unstable.
You feel very sick. You block the ghost moth's attack. The ghost moth hits you!
* * * LOW HITPOINT WARNING * * *
The ghost moth stings you!
* * * LOW HITPOINT WARNING * * *
The redback misses you. The ghost moth hits you!
* * * LOW HITPOINT WARNING * * *
The ghost moth hits you but does no damage.
The ghost moth stings you.
You die...

....................##
....................##
.....................#
.......#.............######
.......##............#.#..# ###
..#..................#^...# ##.#
.##......#.#####......^..## #.^#
.....#...####.#..........## ##..#
.........#....#y@†........###....
.........##....s††.....####.#..^.
..........##.............#^......
..........#..^...........##......
.......#..##.##.##...............
...........######................
...........#^.####.#.............
....####..##...# ####.##.........
....## #..#^...# ######.......


You could see a ghost moth (invisible) and a redback.

Vanquished Creatures
  Jorgrun (Spider:2)
  A ghost moth (Spider:1)
  A frost giant (D:12)
  2 emperor scorpions
  2 broodmothers
  2 spark wasps (Spider:2)
  A dire elephant (D:15)
  An ettin (Orc:2)
  An entropy weaver (Spider:1)
  A fire dragon (D:13)
  2 jorogumos
  A hydra (D:15)
  A catoblepas (D:14)
  A radroach (Spider:2)
  6 two-headed ogres
  3 boulder beetles
  5 centaur warriors
  8 demonic crawlers
  4 tengu warriors (D:13)
  4 orc high priests
  3 pharaoh ants
  A skyshark (Lair:5)
  Lodul (D:13)
  2 orb spiders (Spider:1)
  2 sun moths
  A deep elf pyromancer (D:13)
  7 orc knights
  8 wolf spider zombies (Spider:2)
  A necromancer (Spider:2)
  2 steelbarb worms
  3 ugly things (D:13)
  6 manticores
  A salamander (D:15)
  10 wolf spiders
  2 orc sorcerers (Orc:2)
  5 cyclopes
  4 moths of wrath
  4 elephants
  3 meliai
  A water nymph (Lair:3)
  2 black mambas (Lair:1)
  3 centaur zombies (D:10)
  7 cane toads
  3 gargoyles
  4 torpor snails
  2 cane toads (shapeshifter)
  4 yaktaurs (D:13)
  A freezing wraith (D:15)
  4 efreet
  2 rime drakes
  2 unseen horrors
  3 kobold demonologists
  9 redback zombies (Spider:2)
  3 komodo dragons
  2 trolls
  A tyrant leech (Spider:3)
  17 tarantellas
  3 culicivora zombies (Spider:2)
  8 blink frogs (Lair:2)
  5 tarantella zombies (Spider:2)
  12 jumping spiders
  A centaur simulacrum (D:14)
  4 wraiths
  A fire bat (shapeshifter) (D:15)
  3 vampires
  13 culicivoras
  2 wyverns (D:9)
  45 yaks
  24 redbacks
  A basilisk (Lair:4)
  4 wargs (Orc:1)
  7 vampire mosquitoes
  A steam dragon (D:6)
  6 water moccasins
  2 ice beasts (D:5)
  Pargi (D:3)
  33 orc warriors
  4 black bears
  13 ogres
  A crocodile (Sewer)
  A boggart (D:13)
  21 wolves
  7 centaurs
  7 phantoms
  14 kobold brigands
  2 brain worms (Sewer)
  17 bullfrogs
  2 scorpions
  2 gnoll sergeants
  3 necrophages (D:10)
  20 wights
  5 killer bees
  3 howler monkeys
  2 bombardier beetles
  2 hounds
  A human zombie (D:10)
  4 jellies (D:5)
  14 orc priests
  2 gnoll boudas
  4 iguanas
  Jessica (D:3)
  21 orc wizards
  2 mummies (D:10)
  13 adders
  11 gnolls
  A shadow imp (D:7)
  A white imp (D:7)
  5 ribbon worms
  2 dart slugs
  80 orcs
  9 endoplasms
  7 giant cockroaches
  9 goblins
  11 hobgoblins
  5 jackals
  15 kobolds
  2 quokkas
  14 ball pythons
  5 bats
  6 frilled lizards
  7 rats
738 creatures vanquished.

Vanquished Creatures (collateral kills)
  A wolf spider (Spider:2)
  An orc sorcerer (Orc:2)
  2 orc warriors (Orc:2)
  An orc (Orc:2)
5 creatures vanquished.

Vanquished Creatures (others)
  An acid blob (Spider:2)
  A centaur warrior (D:13)
  An orc high priest (Orc:2)
  A wolf spider (Spider:2)
  2 slime creatures
  A wraith (D:12)
  A centaur simulacrum (D:13)
  A shadow (D:13)
  A water moccasin (Lair:5)
  2 centaurs
  A wight (D:10)
  39 jellies
  3 orc priests
  3 orc wizards
  6 orcs
64 creatures vanquished.

Grand Total: 807 creatures vanquished

Notes
Turn   | Place    | Note
-------+----------+-------------------------------------------
     0 | D:1      | Daunt the Troll Gladiator began the quest for the Orb.
     0 | D:1      | Reached XP level 1. HP: 19/19 MP: 0/0
    53 | D:1      | Found Keghui's Magic Scroll Boutique.
    58 | D:1      | Reached XP level 2. HP: 28/28 MP: 1/1
    74 | D:1      | Found a faded altar of an unknown god.
    91 | D:1      | Prayed at the altar of an unknown god.
    91 | D:1      | Became a worshipper of the Shining One
    91 | D:1      | Reached * piety under the Shining One
   435 | D:1      | Reached XP level 3. HP: 35/35 MP: 2/2
   617 | D:2      | Reached skill level 4 in Unarmed Combat
   751 | D:2      | Reached XP level 4. HP: 44/44 MP: 3/3
  1566 | D:3      | Noticed Pargi
  1578 | D:3      | Killed Pargi
  1579 | D:3      | Reached skill level 5 in Unarmed Combat
  1579 | D:3      | Reached XP level 5. HP: 32/53 MP: 4/4
  1708 | D:3      | Found a glowing drain.
  1816 | Sewer    | Entered a sewer
  1865 | Sewer    | Noticed a crocodile
  1873 | Sewer    | Reached XP level 6. HP: 29/61 MP: 5/5
  1880 | Sewer    | Reached skill level 6 in Unarmed Combat
  1928 | Sewer    | Reached ** piety under the Shining One
  2101 | D:3      | Noticed Jessica
  2104 | D:3      | Killed Jessica
  2136 | D:3      | Found a shadowy altar of Dithmenos.
  2436 | D:3      | Found Diczon's Antique Armour Boutique.
  2507 | D:3      | Found a blossoming altar of Fedhas.
  2649 | D:4      | Reached XP level 7. HP: 68/68 MP: 6/6
  2720 | D:4      | Reached skill level 7 in Unarmed Combat
  2785 | D:4      | Found an iron altar of Okawaru.
  2801 | D:4      | Identified the +4 spear of Uskayaw's Hope {venom, Fly rC++
                  | Str-4 Int+2}
  2806 | D:4      | Identified the +5 hand axe "Xaitt" {freeze, rN+}
  3459 | D:5      | Entered Level 5 of the Dungeon
  3523 | D:5      | Reached skill level 8 in Unarmed Combat
  3525 | D:5      | Reached XP level 8. HP: 79/79 MP: 7/7
  3681 | D:5      | Reached skill level 1 in Shields
  3893 | D:5      | Found a bloodstained altar of Trog.
  4006 | D:5      | Identified the +0 scale mail of Perfidy {+Inv SInv}
  4184 | D:5      | Reached skill level 5 in Shields
  4384 | D:6      | Reached XP level 9. HP: 79/87 MP: 8/8
  4642 | D:6      | You fall into a shaft and drop 2 floors!
  4728 | D:8      | Reached skill level 5 in Fighting
  4731 | D:8      | Found Gateycsosh's Vocational Training.
  4732 | D:8      | Reached *** piety under the Shining One
  4826 | D:8      | Reached skill level 9 in Unarmed Combat
  5096 | D:7      | Found an ornate altar of the Wu Jian Council.
  5251 | D:6      | Noticed a kobold demonologist
  5286 | D:5      | Reached skill level 1 in Evocations
  5609 | D:6      | Noticed a sun demon
  5611 | D:6      | Killed a kobold demonologist
  5612 | D:6      | Reached XP level 10. HP: 84/97 MP: 6/9
  5656 | D:6      | Found the +7 Throatcutter {drain, coup de grace}
  5705 | D:7      | Found an ancient bone altar of Kikubaaqudgha.
  5761 | D:7      | Identified the +0 robe "Lorah" {Int+5}
  5961 | D:7      | Found a staircase to the Ecumenical Temple.
  6157 | D:7      | Found Xenaah's Serpentskin Sales.
  6214 | D:7      | Found a burning altar of Makhleb.
  6365 | D:8      | Reached skill level 10 in Unarmed Combat
  6366 | D:8      | Reached **** piety under the Shining One
  6703 | D:9      | Found a flagged portal.
  6708 | Bailey   | Entered a bailey
  7142 | Bailey   | Noticed an orc knight
  7142 | Bailey   | Noticed an orc knight
  7403 | Bailey   | Killed an orc knight
  7459 | Bailey   | Killed an orc knight
  7551 | D:9      | Found a radiant altar of Vehumet.
  7553 | D:9      | Noticed a cyclops
  7668 | D:9      | Killed a cyclops
  7848 | D:9      | Reached skill level 11 in Unarmed Combat
  7848 | D:9      | Reached XP level 11. HP: 107/107 MP: 10/10
  7895 | D:9      | Found a staircase to the Lair.
  8206 | Lair:1   | Entered Level 1 of the Lair of Beasts
  8442 | Lair:1   | Reached skill level 5 in Dodging
  8484 | Lair:1   | Reached skill level 10 in Shields
  8611 | D:7      | Bought a ring of poison resistance for 240 gold pieces
  9478 | Lair:2   | Reached skill level 12 in Unarmed Combat
  9568 | Lair:2   | Reached ***** piety under the Shining One
  9634 | Lair:1   | HP: 5/109 [wolf (9)]
  9870 | Lair:2   | Reached XP level 12. HP: 118/118 MP: 11/11
 10560 | Lair:3   | Found a hole to the Spider Nest.
 10931 | Lair:3   | Found a runed translucent gate.
 10931 | Lair:3   | Found a runed translucent gate.
 10931 | Lair:3   | Found a runed translucent gate.
 10998 | Lair:3   | Noticed Strat's ghost (journeyman VSNe)
 11547 | Lair:4   | Reached skill level 13 in Unarmed Combat
 11629 | Lair:4   | Identified the +0 kite shield of the Blind Marksman
                  | {*Corrode rC+ Regen+ Str+3 Dex+4}
 11937 | Lair:5   | Entered Level 5 of the Lair of Beasts
 11937 | Lair:5   | Found a viscous altar of Jiyva.
 11937 | Lair:5   | Found a staircase to the Slime Pits.
 12018 | Lair:5   | Fell from the grace of the Shining One
 12018 | Lair:5   | Became a worshipper of Jiyva Jewn the Shapeless
 12313 | D:1      | Bought a scroll of silence for 95 gold pieces
 12313 | D:1      | Bought a scroll of poison for 40 gold pieces
 12522 | D:10     | Entered Level 10 of the Dungeon
 12824 | D:10     | Found Uwagrafi's Armour Shoppe.
 12824 | D:10     | Found a staircase to the Orcish Mines.
 12824 | D:10     | Found Wykkomor's Weapon Shoppe.
 12980 | D:10     | Reached * piety under Jiyva
 13204 | D:10     | Found a shimmering altar of Xom.
 13206 | D:10     | Found an opulent altar of Gozag.
 13295 | D:10     | Reached skill level 14 in Unarmed Combat
 13295 | D:10     | Reached XP level 13. HP: 126/128 MP: 12/12
 13295 | D:10     | Found a basalt altar of Yredelemnul.
 13696 | D:11     | Found a shimmering altar of Xom.
 13697 | D:11     | Found a shimmering altar of Xom.
 13698 | D:11     | Found a shimmering altar of Xom.
 13698 | D:11     | Found a shimmering altar of Xom.
 13701 | D:11     | Found a shimmering altar of Xom.
 13777 | D:11     | Reached ** piety under Jiyva
 14615 | D:12     | Reached *** piety under Jiyva
 15107 | D:13     | Found a gate to the Vaults.
 15193 | D:13     | Gained mutation: You have an increased reservoir of magic.
                  | (+10% MP) [Jiyva's grace]
 15193 | D:13     | Gained mutation: You have a considerably increased
                  | reservoir of magic. (+20% MP) [Jiyva's grace]
 15193 | D:13     | Gained mutation: You have a greatly increased reservoir of
                  | magic. (+30% MP) [Jiyva's grace]
 15193 | D:13     | Gained mutation: Your translucent skin slightly reduces
                  | your foes' accuracy. (Stealth+) [Jiyva's grace]
 15211 | D:13     | Noticed a frost giant
 15223 | D:13     | Noticed a fire dragon
 15275 | D:12     | Killed a frost giant
 15276 | D:12     | Reached skill level 15 in Unarmed Combat
 15409 | D:13     | Noticed Lodul
 15424 | D:13     | Killed Lodul
 15508 | D:13     | Killed a fire dragon
 15547 | D:13     | Reached XP level 14. HP: 140/140 MP: 17/17
 16273 | D:14     | Reached **** piety under Jiyva
 16479 | D:14     | Reached skill level 16 in Unarmed Combat
 17087 | D:15     | Entered Level 15 of the Dungeon
 17087 | D:15     | Gained mutation: You have acidic saliva. [Jiyva's grace]
 17087 | D:15     | Gained mutation: Your rubbery body absorbs attacks. (AC +1,
                  | EV +1) [Jiyva's grace]
 17087 | D:15     | Gained mutation: Your pliable body absorbs attacks. (AC +2,
                  | EV +2) [Jiyva's grace]
 17087 | D:15     | Gained mutation: Your gelatinous body deflects attacks. (AC
                  | +3, EV +3) [Jiyva's grace]
 17090 | D:15     | Found Amoc's Jewellery Boutique.
 17119 | D:15     | Reached ***** piety under Jiyva
 17200 | D:15     | Found a portal to a secret trove of treasure.
 17278 | D:15     | Found a glowing silver altar of Zin.
 17467 | D:15     | Reached skill level 10 in Fighting
 17471 | D:15     | HP: 2/143 [salamander/+4 trident (10)]
 17477 | D:15     | Found a staircase to the Depths.
 17734 | Orc:1    | Entered Level 1 of the Orcish Mines
 18158 | Orc:2    | Entered Level 2 of the Orcish Mines
 18158 | Orc:2    | Found Udejuh's Antique Weapon Boutique.
 18279 | Orc:2    | Found Aqirgh's General Store.
 18377 | Orc:2    | Found Meoleiv's Antique Armour Boutique.
 18389 | Orc:2    | Noticed an orc warlord
 18408 | Orc:2    | Slimified an orc warlord
 18408 | Orc:2    | an orc warlord changed into an acid blob
 18408 | Orc:2    | Noticed an acid blob
 18420 | Orc:2    | Found a staircase to the Elven Halls.
 18486 | Orc:2    | Found Mirat's Book Boutique.
 18527 | Orc:2    | Lost mutation: Your gelatinous body deflects attacks. (AC
                  | +3, EV +3) [Jiyva's grace]
 18527 | Orc:2    | Lost mutation: Your pliable body absorbs attacks. (AC +2,
                  | EV +2) [Jiyva's grace]
 18527 | Orc:2    | Lost mutation: Your translucent skin slightly reduces your
                  | foes' accuracy. (Stealth+) [Jiyva's grace]
 18527 | Orc:2    | Gained mutation: You are partially covered in iridescent
                  | scales. (AC +2) [Jiyva's grace]
 18527 | Orc:2    | Gained mutation: You are mostly covered in iridescent
                  | scales. (AC +4) [Jiyva's grace]
 18527 | Orc:2    | Gained mutation: You are completely covered in iridescent
                  | scales. (AC +6) [Jiyva's grace]
 18527 | Orc:2    | Gained mutation: Your pliable body absorbs attacks. (AC +2,
                  | EV +2) [Jiyva's grace]
 18848 | Orc:2    | Reached skill level 17 in Unarmed Combat
 18862 | Orc:2    | Bought a potion of heal wounds for 65 gold pieces
 19147 | Spider:1 | Entered Level 1 of the Spider Nest
 19351 | Spider:1 | Noticed an emperor scorpion
 19361 | Spider:1 | Killed an emperor scorpion
 19581 | Spider:1 | Reached ****** piety under Jiyva
 19739 | Spider:1 | Reached XP level 15. HP: 152/152 MP: 18/18
 20478 | Slime:1  | Entered Level 1 of the Pits of Slime
 20492 | Slime:1  | Noticed an acid blob
 20522 | Slime:2  | Noticed a rockslime
 20528 | Slime:3  | Noticed an acid blob
 20543 | Slime:4  | Noticed a rockslime
 20545 | Slime:4  | Noticed Dissolution
 20550 | Slime:4  | Noticed an azure jelly
 20551 | Slime:5  | Entered Level 5 of the Pits of Slime
 20558 | Slime:5  | Noticed an azure jelly
 20565 | Slime:5  | Noticed a rockslime
 20567 | Slime:5  | Noticed an acid blob
 20568 | Slime:5  | Noticed an acid blob
 20576 | Slime:5  | Found a viscous altar of Jiyva.
 20576 | Slime:5  | Noticed an acid blob
 20576 | Slime:5  | Noticed the Royal Jelly
 20577 | Slime:5  | Noticed an acid blob
 20586 | Slime:5  | Noticed an acid blob
 20597 | Slime:5  | Noticed an azure jelly
 20606 | Slime:5  | Noticed a rockslime
 20613 | Slime:5  | Identified the +8 rapier of Appakoac {freeze, Int+3}
 20660 | Slime:5  | Got a starry gem with 420 turns to spare
 20662 | Slime:5  | Got a slimy rune of Zot
 20663 | Slime:5  | Identified the +10 shortbow "Jellyslayer" {drain, rElec
                  | Int+5}
 20665 | Slime:5  | Identified the +1 ring mail "Puaryts" {rN+}
 20714 | Slime:5  | Identified the +7 battleaxe "Wemoh" {elec, Stlth+}
 20715 | Slime:5  | Identified the ring "Laabomio" {rF+ rC- rN+ Will+}
 20791 | Slime:5  | Noticed a rockslime
 20801 | Slime:5  | Noticed an acid blob
 20816 | Slime:5  | Noticed an acid blob
 20842 | Slime:5  | Identified the +2 whip of Anegy {freeze, ^Contam Str+3
                  | Dex+3}
 20844 | Slime:5  | Identified the scarf of Ytweirph {rC+ rF+, rCorr Int+3}
 20958 | Slime:1  | Noticed a rockslime
 20987 | Slime:1  | Noticed an azure jelly
 21016 | Lair:3   | Upgraded the game from 0.31.0-4-g52a2dc7128 to
                  | 0.31.0-7-gf635a9b802
 21064 | Spider:2 | Noticed an emperor scorpion
 21081 | Spider:2 | Killed an emperor scorpion
 21093 | Spider:2 | Noticed Arachne
 21285 | Spider:2 | Lost mutation: You have a greatly increased reservoir of
                  | magic. (+30% MP) [Jiyva's grace]
 21285 | Spider:2 | Lost mutation: You have acidic saliva. [Jiyva's grace]
 21285 | Spider:2 | Gained mutation: You possess an exceptional clarity of
                  | mind. [Jiyva's grace]
 21285 | Spider:2 | Gained mutation: You have a pair of small horns on your
                  | head. [Jiyva's grace]
 21285 | Spider:2 | Gained mutation: You have a pair of horns on your head.
                  | [Jiyva's grace]
 21285 | Spider:2 | Gained mutation: You have a pair of large horns on your
                  | head. [Jiyva's grace]
 21511 | Spider:2 | Reached skill level 10 in Dodging
 21605 | Spider:2 | Reached skill level 18 in Unarmed Combat
 21752 | Spider:2 | Slimified Arachne
 21752 | Spider:2 | Arachne changed into Arachne the acid blob
 21752 | Spider:2 | Noticed Arachne
 21769 | Spider:2 | Noticed Louise
 21782 | Spider:2 | Slimified Louise
 21782 | Spider:2 | Louise changed into Louise the slime creature
 21782 | Spider:2 | Noticed Louise
 21824 | Spider:2 | Noticed Jorgrun
 21862 | Spider:2 | Killed Jorgrun
 21905 | Spider:2 | Killed Arachne the acid blob
 21911 | Spider:2 | Killed Louise the slime creature
 23201 | Spider:3 | Reached XP level 16. HP: 157/162 MP: 18/18
 23269 | Spider:2 | HP: 1/165 [ghost moth (9)]
 23269 | Spider:2 | Slain by a ghost moth

Illustrated notes

Levels and vault maps discovered:
D:1:      dpeg_chamrin_arrival_tetris, layout_loops_ring, serial_shops, shop,
          ebering_ecumenical_altar_rust
D:2:      layout_basic, minmay_randomly_rotated_circles
D:3:      layout_loops_ring, grunt_dithmenos_smoke_and_mirrors,
          mainiacjoe_overflow_paths, serial_shops, shop,
          gup_sewer_entry_bubbles, chequers_serial_rivers_room_a, uniq_jessica,
          uniq_pargi
D:4:      nicolae_cairo_tiling_large_dashed, layout_basic,
          okawaru_ov_weapons_minmay
D:5:      minmay_angry_zag, layout_loops_ring, trog_ov_bears_minmay
D:6:      layout_cave_pools, serial_column_ruins, column_ruins_hut_ruined,
          column_ruins_courtyard_long, column_ruins_corridor_T,
          column_ruins_corridor_straight, column_ruins_grid_1,
          column_ruins_grid_2, column_ruins_grid_3, column_ruins_grid_3,
          dilly_guarded_unrand_throatcut
D:7:      layout_loops_ring, mainiacjoe_overflow_small_starburst,
          nicolae_overflow_crystal_walls, lemuel_round_altar, temple_hall,
          guppyfry_shop_venom
D:8:      layout_basic, roderic_serpentine_path, nicolae_shop_vocational
D:9:      layout_loops_cross, mainiacjoe_overflow_concentric_impassable,
          dpeg_oklobed_lair, enter_bailey_3
D:10:     layout_loops_ring, lemuel_mausoleum_altar_yredelemnul,
          nicolae_overflow_hidden_temple, orc_david_3, minmay_misc_feat_pillars
D:11:     layout_long_grid, xom_redecorated
D:12:     layout_loops_corners
D:13:     layout_rooms, hangedman_vaults_entry_quadrant_bands, special_room
          [special_room_orc], nicolae_doodle_vault, uniq_lodul
D:14:     layout_stronghold, minmay_misc_feat_more_columns
D:15:     hangedman_depths_entry_try_elsewhere_first, layout_cave_pools,
          nicolae_trove_entry_crossroad, nicolae_wwwww, serial_shops, shop,
          zin_statuary
Lair:1:   layout_concentric_octagons
Lair:2:   layout_chaotic_city
Lair:3:   layout_small_grid, nicolae_shoals_entry_flooding,
          spider_nest_entry_rubble, gammafunk_ghost_icy
Lair:4:   layout_regular_city, beast_lair_carwin_8, uniq_snorg
Lair:5:   hangedman_lair_tendril_chambers, layout_big_grid, slime_entry_1,
          minivault_11, gammafunk_lair_bear_cave, lemuel_fruit_tree
Spider:1: layout_chambers
Spider:2: lemuel_spider_zombies, uniq_arachne, uniq_louise, uniq_jorgrun
Spider:3: nicolae_spider_hilbert_zone_6 [nicolae_spider_hilbert_4_sides_1_open,
          nicolae_spider_hilbert_4_sides_1_open,
          nicolae_spider_hilbert_4_sides_1_open,
          nicolae_spider_hilbert_4_sides_1_open,
          nicolae_spider_hilbert_4_sides_1_open,
          nicolae_spider_hilbert_4_sides_1_open,
          nicolae_spider_hilbert_4_sides_1_open]
Slime:1:  layout_caves, nicolae_slime_phagocytosis
Slime:2:  layout_caves, cheibrodos_slime_lost_civilization_6
Slime:3:  layout_caves, nicolae_slime_welcoming_committee
Slime:4:  layout_caves, uniq_dissolution
Slime:5:  slime_pit_nicolae_inversion
Orc:1:    layout_caves, minmay_orc_keep
Orc:2:    grunt_orc_gardens, layout_caves, grunt_orc_garden, grunt_orc_garden,
          grunt_orc_garden, grunt_orc_garden

Skill      XL: |  1  2  3  4  5  6  7  8  9 10 11 12 13 14 15 |
---------------+----------------------------------------------+-----
Fighting       | 2 3 4 5 6 7 8 9 10 11 | 11.7
Unarmed Combat | 4 5 6 8 9 11 12 14 15 17 18 | 18.9
Shields        | 5 7 9 11 12 13 14 | 14.0
Evocations     | 1 2 |  2.0
Dodging        | 3 4 5 7 8 9 10 | 10.7
Throwing       | 3 4 |  4.0

Action                     |  1- 3 |  4- 6 |  7- 9 | 10-12 | 13-15 | 16-18 || total
---------------------------+-------+-------+-------+-------+-------+-------++-------
  Melee: Unarmed           |    61 |   108 |   230 |   725 |  1180 |    18 ||  2322
         Punch             |       |     3 |     4 |       |       |       ||     7
         Bite              |       |       |       |       |    87 |       ||    87
         Headbutt          |       |       |       |       |    73 |     6 ||    79
  Throw: Dart              |       |     2 |       |    10 |    53 |     2 ||    67
         Large rock        |       |       |       |       |     3 |       ||     3
 Invoke: Divine Shield     |       |       |       |     2 |       |       ||     2
         Oozemancy         |       |       |       |       |     2 |       ||     2
         Slimify           |       |       |       |       |     4 |       ||     4
  Evoke: Wand              |       |       |       |     1 |     1 |     1 ||     3
    Use: Scroll            |       |       |       |    20 |     8 |     1 ||    29
         Potion            |       |       |       |       |     6 |       ||     6
   Stab: Sleeping          |       |       |       |       |     4 |       ||     4
         Distracted        |       |       |       |       |     3 |       ||     3
 Armour: Robe              |    29 |    52 |   125 |   349 |   625 |    39 ||  1219
  Dodge: Dodged            |    25 |    45 |    57 |   217 |   494 |    17 ||   855
  Block: Kite shield       |       |       |    65 |   364 |   791 |    20 ||  1240
